AoeStats
← kurmanaliev969

Black Forest

510615305Analyzed
3v3 RM · 1d ago on Oct 1, 2026· 93m 55s· 6 players
Game mode
Random Map
Map size
Normal (6 player)
Population
200
Speed
Normal
Resources
Standard
Victory
Conquest
Starting age
Dark Age
Ending age
Imperial Age
RankedLock teamsTeams togetherTeam positionsShared explorationLock speedFull tech treeHidden civsTurbo modeCheats
Victory
Defeat
🇧🇷 Turks · Brazil
592
+11
🇩🇪 Britons · Germany
584
+11
🇮🇹 Italians · Italy
558
+12
🇰🇬 Bohemians · Kyrgyzstan
514
-13
🇰🇬 Danes · Kyrgyzstan
456
-11
🇩🇪 Slavs · Germany
455
-11
Sovrano-di-Capiate
3:29 Loom
12:17 Feudal Age
12:43 Double-Bit Axe
14:08 Wheelbarrow
14:23 Horse Collar
17:25 Gold Mining
22:58 Castle Age
22:45 Stone Mining
24:41 Fletching
24:54 Padded Archer Armor
25:05 Forging
24:57 Scale Mail Armor
27:06 Bodkin Arrow
27:33 Bow Saw
27:36 Heavy Plow
29:52 Hand Cart
31:36 Iron Casting
31:51 Stone Shaft Mining
32:35 Thumb Ring
37:59 Imperial Age
38:36 Leather Archer Armor
39:06 Silk Road
38:07 Elite Genoese Crossbowman
38:23 Elite Genoese Crossbowman
41:17 Chemistry
40:39 Ballistics
42:23 Squires
42:09 Arson
42:59 Ring Archer Armor
42:29 Bracer
43:30 Blast Furnace
42:46 Chain Mail Armor
45:27 Town Watch
47:28 Caravan
48:09 Pirotechnia
49:12 Town Patrol
78:56 Onager
ManilaTen142289
11:58 Feudal Age
12:37 Double-Bit Axe
16:27 Horse Collar
17:53 Gold Mining
17:56 Stone Mining
24:11 Castle Age
23:56 Fletching
24:16 Forging
25:37 Gold Shaft Mining
25:22 Bow Saw
25:20 Heavy Plow
26:36 Caravan
32:12 Wheelbarrow
32:48 Fervor
34:01 Man-at-Arms
34:41 Squires
34:49 Thumb Ring
37:15 Husbandry
37:25 Bloodlines
40:28 Imperial Age
38:24 Ballistics
37:59 Murder Holes
39:08 Hand Cart
42:39 Conscription
41:41 Elite Janissary
42:42 Sipahi
42:24 Artillery
42:33 Cavalier
44:05 Scale Barding Armor
44:00 Scale Mail Armor
44:39 Iron Casting
44:01 Bodkin Arrow
44:26 Guilds
49:08 Long Swordsman
52:23 Chain Barding Armor
52:18 Chain Mail Armor
53:04 Blast Furnace
52:05 Bracer
52:05 Padded Archer Armor
60:21 Two-Handed Swordsman
65:29 Heavy Camel Rider
69:15 Champion
70:24 Parthian Tactics
69:20 Heavy Cavalry Archer
71:11 Two-Man Saw
76:35 Plate Barding Armor
76:31 Plate Mail Armor
76:16 Leather Archer Armor
M_to_the_s
11:50 Feudal Age
16:38 Double-Bit Axe
17:38 Wheelbarrow
22:26 Horse Collar
27:08 Castle Age
25:34 Gold Mining
25:35 Stone Mining
25:53 Padded Archer Armor
25:52 Fletching
29:15 Heavy Plow
29:29 Bow Saw
33:29 Imperial Age
32:02 Fortified Wall
32:50 Gold Shaft Mining
33:16 Hand Cart
34:09 Leather Archer Armor
34:15 Bodkin Arrow
37:12 Coinage
36:53 Guilds
36:43 Caravan
40:27 Banking
41:19 Elite Longbowman
42:22 Yeomen
42:03 Warwolf
42:26 Bracer
43:57 Ring Archer Armor
44:10 Loom
44:11 Town Watch
47:56 Masonry
47:26 Treadmill Crane
47:36 Heated Shot
47:53 Siege Engineers
47:43 Murder Holes
47:39 Guard Tower
47:34 Arrowslits
48:50 Chemistry
47:21 Crossbowman
47:23 Cranequins
47:32 Heavy Mounted Crossbowman
50:51 Architecture
50:42 Ballistics
50:07 Arrowslits
50:34 Scale Barding Armor
50:29 Scale Mail Armor
50:40 Forging
51:45 Elite Skirmisher
51:46 Arbalester
70:21 Squires
70:07 Gambesons
71:05 Chain Barding Armor
71:21 Iron Casting
71:02 Chain Mail Armor
85:12 Plate Barding Armor
85:08 Plate Mail Armor
85:38 Blast Furnace
85:03 Conscription
84:13 Sappers
85:19 Hoardings
90:38 Pikeman
kurmanaliev969
12:24 Feudal Age
13:11 Double-Bit Axe
13:12 Horse Collar
22:36 Castle Age
21:55 Gold Mining
21:56 Stone Mining
22:16 Padded Archer Armor
25:05 Bow Saw
25:01 Heavy Plow
32:44 Imperial Age
31:46 Wheelbarrow
31:59 Caravan
33:21 Hand Cart
33:50 Gold Shaft Mining
35:18 Onager
35:32 Elite Skirmisher
38:07 Hoardings
37:34 Detinets
38:47 Leather Archer Armor
38:23 Fletching
39:38 Two-Man Saw
39:35 Fortified Wall
39:47 Ballistics
40:05 Ring Archer Armor
39:33 Elite Boyar
41:02 Crop Rotation
41:04 Bodkin Arrow
43:57 Coinage
43:55 Scale Barding Armor
46:19 Conscription
45:32 Siege Onager
48:39 Chain Barding Armor
49:19 Capped Ram
52:27 Siege Ram
57:46 Crossbowman
62:50 Plate Barding Armor
63:37 Banking
81:19 Heavy Scorpion
82:02 Light Cavalry
82:53 Bloodlines
83:42 Man-at-Arms
83:48 Hussar
86:30 Long Swordsman
87:29 Scale Mail Armor
87:40 Forging
88:09 Two-Handed Swordsman
89:23 Champion
RaphiniaOneLove
9:12 Loom
12:16 Feudal Age
13:44 Double-Bit Axe
13:41 Horse Collar
15:23 Wheelbarrow
24:53 Castle Age
24:39 Stone Mining
24:40 Gold Mining
26:33 Hand Cart
26:34 Heavy Plow
26:56 Bow Saw
31:43 Stone Shaft Mining
31:44 Gold Shaft Mining
38:44 Imperial Age
37:51 Caravan
38:21 Coinage
38:08 Town Watch
38:51 Masonry
39:02 Ballistics
38:55 Onager
40:49 Banking
40:35 Hamask
40:36 Northmen's Fury
41:51 Siege Onager
42:43 Pikeman
43:24 Squires
43:09 Arson
43:11 Gambesons
44:24 Elite Skirmisher
45:10 Thumb Ring
44:39 Elite Jomsviking
45:39 Conscription
44:46 Halberdier
47:04 Chemistry
46:13 Siege Engineers
49:40 Elite Varangian Guard
56:13 Scale Mail Armor
56:24 Forging
56:04 Fletching
56:16 Padded Archer Armor
69:47 Capped Ram
72:37 Siege Ram
Karcoza
11:56 Feudal Age
12:28 Double-Bit Axe
14:33 Horse Collar
20:03 Castle Age
18:38 Fletching
21:37 Bow Saw
23:13 Squires
22:33 Pikeman
23:46 Heavy Plow
25:19 Caravan
26:16 Wheelbarrow
26:09 Padded Archer Armor
26:04 Bodkin Arrow
28:21 Hand Cart
30:48 Chemistry
30:09 Ballistics
33:49 Elite Skirmisher
38:49 Imperial Age
37:31 Fortified Wall
37:35 Masonry
37:36 Clinker Construction
40:58 Two-Man Saw
39:37 Houfnice
39:56 Crossbowman
43:14 Leather Archer Armor
43:00 Bracer
43:12 Forging
43:02 Scale Mail Armor
43:44 Guilds
45:16 Wagenburg Tactics
45:17 Hussite Reforms
44:32 Elite Hussite Wagon
45:35 Conscription
45:19 Arbalester
45:52 Onager
48:49 Town Watch
48:51 Loom
50:15 Fervor
50:16 Redemption
56:52 Ring Archer Armor
56:59 Iron Casting
56:40 Chain Mail Armor
59:08 Sanctity
58:50 Atonement
58:53 Devotion
59:20 Illumination
59:34 Theocracy
59:30 Halberdier
59:56 Arson
63:05 Faith
63:02 Block Printing
67:17 Herbal Medicine
67:44 Heresy
72:37 Capped Ram
Connection lost

Rejoining the realm…

Still unreachable

The connection could not be restored.

Session expired

The server has moved on; the page needs a fresh start.